Map: [ESL] Inside and Out

Players

Rattata

  • Race: Zerg Zerg
  • Spawn Location: 1:00

YoungYakov - Winner!

  • Race: Zerg Zerg
  • Spawn Location: 7:00

Event: DreamHack SC2 Masters 2022 Atlanta (Online)

VOD

Have the link to the VOD?

Description

Time

  • Played on: Oct. 6, 2022, 12:51 p.m.
  • Length: 7:15

All games in this series

Show
View Real Time Build Order
Export as new Build Order

Rattata Zerg 

Build Orders: Hatch First 

Get SALT Encoding   

  12  0:00  Drone  
  13  0:12  Overlord  
  13  0:17  Drone  
  14  0:31  Drone x2  
  16  0:47  Hatchery  
  15  0:50  Drone  
  15  0:54  Drone  
  17  0:58  Drone  
  18  1:08  Extractor  
  17  1:14  Spawning Pool  
  17  1:15  Drone  
  17  1:19  Drone  
  18  1:28  Drone  
  19  2:00  Zergling x4  
  21  2:02  Zergling x4, Queen  
  21  2:08  Queen  
  24  2:20  Overlord  
  22  2:31  Drone  
  22  2:37  Drone  
  23  2:44  Drone  
  23  2:48  Drone  
  23  2:50  Drone  
  26  2:53  Drone  
  26  2:57  Drone  
  28  3:07  Queen  
  29  3:14  Drone  
  29  3:17  Drone  
  29  3:18  Metabolic Boost, Drone  
  32  3:29  Drone x4  
  36  3:47  Hatchery  
  36  3:48  Drone  
  36  3:49  Overlord  
  36  3:54  Overlord  
  36  3:56  Overlord  
  36  4:08  Drone x5  
  41  4:12  Evolution Chamber  
  41  4:16  Drone x3  
  43  4:17  Drone  
  43  4:18  Drone  
  45  4:25  Drone x2  
  45  4:29  Roach Warren  
  46  4:33  Drone x3  
  46  4:36  Extractor  
  46  4:38  Extractor  
  47  4:39  Zergling x2  
  47  4:41  Zergling x2  
  49  4:46  Zergling x6  
  49  4:50  Zergling x2  
  53  4:53  Zergling x2  
  53  4:54  Zerg Missile Weapons Level 1  
  53  4:55  Overlord  
  54  5:00  Drone x4  
  54  5:06  Drone  
  59  5:10  Lair, Drone x2  
  61  5:17  Overlord  
  59  5:24  Drone x2  
  59  5:26  Drone x2  
  59  5:28  Overlord  
  62  5:30  Drone x4  
  66  5:38  Drone x3  
  66  5:39  Extractor  
  66  5:42  Overlord  
  68  5:43  Roach x2  
  72  5:50  Roach  
  72  5:54  Roach x2  
  78  5:59  Roach x5  
  78  6:00  Roach  
  89  6:05  Overlord  
  89  6:10  Roach x3  
  95  6:15  Overlord  
  95  6:19  Roach  
  95  6:24  Overlord  
  95  6:25  Overlord  
  97  6:26  Roach x2  
  97  6:29  Roach  
  97  6:30  Roach  
  105  6:35  Overlord  
  94  6:40  Roach x3  
  94  6:41  Roach x4  
  94  6:49  Roach x4  
  90  6:54  Roach  
Show
View Real Time Build Order
Export as new Build Order

YoungYakov Zerg - Winner!

Build Orders: Pool First 

Get SALT Encoding   

  12  0:19  Spawning Pool  
  11  0:21  Drone  
  11  0:25  Drone  
  13  0:31  Drone  
  14  0:39  Overlord  
  14  1:06  Zergling x4  
  14  1:10  Zergling x2  
  17  1:18  Hatchery  
  16  1:22  Zergling x2  
  17  1:29  Queen  
  19  1:34  Zergling x2  
  20  1:43  Zergling x2  
  21  1:54  Zergling x2  
  22  2:11  Overlord  
  22  2:24  Queen  
  22  2:29  Drone  
  21  2:33  Drone x2  
  21  2:36  Queen  
  22  2:37  Drone x2  
  22  2:38  Drone  
  22  2:41  Drone  
  28  2:50  Drone  
  29  2:54  Drone  
  30  3:02  Drone x2  
  32  3:09  Extractor  
  32  3:10  Drone x2  
  32  3:11  Drone  
  35  3:12  Overlord  
  35  3:17  Drone  
  35  3:20  Extractor  
  35  3:21  Extractor  
  32  3:28  Drone  
  32  3:29  Drone  
  32  3:32  Drone x2, Roach Warren  
  35  3:35  Evolution Chamber  
  35  3:38  Drone x2  
  35  3:39  Drone  
  37  3:45  Drone x2  
  39  3:50  Drone x2  
  39  3:55  Drone x2  
  43  4:01  Overlord  
  43  4:04  Extractor  
  43  4:06  Drone  
  43  4:07  Extractor  
  43  4:09  Lair  
  42  4:11  Drone  
  42  4:16  Overlord  
  43  4:17  Overlord  
  43  4:20  Drone x2  
  43  4:22  Drone  
  46  4:25  Drone  
  46  4:26  Drone  
  46  4:30  Zerg Missile Weapons Level 1  
  48  4:39  Drone x2  
  48  4:45  Evolution Chamber  
  49  4:46  Roach x3  
  49  4:50  Roach x2  
  59  4:55  Roach  
  59  4:56  Roach  
  63  5:01  Roach  
  63  5:06  Overlord  
  63  5:07  Glial Reconstitution  
  65  5:09  Overlord  
  65  5:21  Roach  
  67  5:22  Overlord  
  65  5:29  Roach x2  
  65  5:33  Hatchery, Roach  
  70  5:36  Roach  
  70  5:37  Roach  
  70  5:42  Roach x2  
  78  5:45  Roach  
  78  5:48  Roach  
  82  5:51  Roach  
  82  5:53  Roach  
  86  5:59  Roach x2  
  90  6:07  Overlord  
  90  6:09  Roach  
  92  6:13  Overlord  
  92  6:15  Overlord  
  92  6:25  Roach x4  
  100  6:33  Roach x2  
  100  6:38  Roach x3  
  104  6:42  Roach x2  
  98  6:51  Roach x3  
Tags
 
Add a new tag
Caveats
  • Supply blocks, unpowered buildings, or Contaminate may cause inaccurate times.
  • Supply counts are checked every 10 seconds.